[Event "VIII Open Semana Santa 2024"]
[Site "San Vicente del Raspeig"]
[Date "2024.03.28"]
[Round "2.2"]
[White "Ivanchuk, Vasyl"]
[Black "Pogorelov, Ruslan"]
[Result "1-0"]
[ECO "B18"]
[WhiteElo "2625"]
[BlackElo "2272"]
[Annotator "TA"]
[PlyCount "71"]
[EventDate "2024.03.27"]
[EventType "swiss"]
[EventCountry "ESP"]
[SourceTitle "playchess.com"]
[Source "ChessBase"]
[SourceQuality "1"]
[TimeControl "5400+30"]

1. e4 c6 2. d4 d5 3. Nd2 dxe4 4. Nxe4 Bf5 5. Ng3 Bg6 6. Nh3 e6 7. Nf4 Bd6 8. c3 Nf6 9. h4 Bxf4 10. Bxf4 {[%emt 0:00:06] Threatens to win with h5.} h6 {[%emt 0:00:08] Black is weak on the dark squares} 11. Qb3 {[%emt 0:05:19] The position is equal.} Qe7 12. c4 O-O 13. Be2 Rd8 14. Rd1 a5 15. O-O a4 (15... b5 $5) 16. Qe3 a3 17. h5 Bh7 18. Rd2 b5 19. b3 $1 (19. cxb5 Nd5 20. Qf3 cxb5 $17) 19... bxc4 20. bxc4 Na6 21. Bf3 Nb4 22. Rc1 Ra7 23. Ne2 (23. Rcd1 $14 {is more appropriate.}) 23... Bf5 24. Nc3 (24. Rcd1 $14) 24... Bg4 (24... Rad7 $11) 25. Bxg4 Nxg4 26. Qg3 Nf6 (26... f5 $1 $14) 27. Bxh6 $16 Nxh5 {[%emt 0:00:17] [#]} 28. Qg4 Qf6 29. Be3 Qf5 30. Qxf5 exf5 31. d5 $36 {[%emt 0:00:05][%mdl 2048] Keeping Black busy.} Rb7 (31... Rad7 $16 {was necessary.}) 32. Rb1 $18 {[%emt 0:04:04] dxc6 is the strong threat.} cxd5 {[%emt 0:00:50] [#]} 33. Bc5 $1 ({Much less strong is} 33. Nxd5 $6 Rdb8 $16) 33... Rc8 $2 (33... Rdb8) 34. Rxb4 ({Less strong is} 34. Bxb4 Rxc4 35. Bxa3 (35. Nxd5 Nf4 $14) 35... Rxc3 36. Rxb7 Rxa3 $18) 34... Rxb4 35. Bxb4 Rxc4 36. Nxd5 {[%emt 0:00:09] Weighted Error Value: White=0.07 (flawless) /Black=0.32.  Mistake:       	White=2     	Black=4      Inaccurate:     	---       	Black=4      OK:         	White=9     	Black=9      Best:        	White=2     	Black=1      Strong:       	White=2     	---} 1-0

[Event "VIII Open Semana Santa 2024"]
[Site "San Vicente del Raspeig"]
[Date "2024.03.28"]
[Round "2.3"]
[White "Villuendas Valero, Adrian"]
[Black "Yuffa, Daniil"]
[Result "0-1"]
[ECO "E54"]
[WhiteElo "2266"]
[BlackElo "2606"]
[Annotator "TA"]
[PlyCount "62"]
[EventDate "2024.03.27"]
[EventType "swiss"]
[EventCountry "ESP"]
[SourceTitle "playchess.com"]
[Source "ChessBase"]
[SourceQuality "1"]
[TimeControl "5400+30"]

1. d4 Nf6 2. c4 e6 3. Nc3 Bb4 4. e3 O-O 5. Bd3 d5 6. Nf3 b6 7. O-O Bb7 8. a3 Bxc3 9. bxc3 dxc4 10. Bxc4 c5 11. Qe2 Qc7 12. Bd3 Be4 13. Ng5 Bxd3 14. Qxd3 {[%emt 0:03:47] Black is slightly better.} Nbd7 15. Bb2 Rac8 16. Rac1 c4 17. Qc2 e5 18. f3 h6 19. Nh3 b5 20. Rb1 a5 21. Bc1 Rb8 (21... Qb6 $15) 22. Rd1 (22. e4 $11) 22... exd4 $1 $17 23. Rxd4 Ne5 (23... Nc5 $1 $17 24. e4 Nb3) 24. Nf4 Qc5 25. Kh1 Rfe8 26. Rd1 (26. Qf5 $17 {keeps fighting.}) 26... Rbd8 (26... g5 $1 $19 27. Ne2 Nd3) 27. e4 {[%emt 0:03:18] [#]} Nd3 {[%emt 0:00:00] Black is more active.} 28. Nxd3 $11 cxd3 $40 {[%emt 0:00:00][%mdl 128] Black attacks.} 29. Rxd3 (29. Qd2 $11 {and White stays safe.}) 29... Qc4 $19 30. Rd1 {[%emt 0:00:57] [#]} Nxe4 $1 31. fxe4 $2 (31. Be3 Rxd1+ (31... Nxc3 $2 32. Rxd8 Rxd8 33. Rc1 $19) 32. Rxd1 Nxc3 33. Rd3) (31. Bb2 Nc5) 31... Qxe4 {[%emt 0:00:00] Weighted Error Value: White=0.64/Black=0.19 (very precise) .  Loses game:     	White=1     	---        Mistake:       	White=3     	Black=4      Inaccurate:     	White=2     	---        OK:         	White=3     	Black=7      Best:        	---       	Black=1      Strong:       	---       	Black=1      Brilliant:      	---       	Black=1} 0-1

[Event "VIII Open Semana Santa 2024"]
[Site "San Vicente del Raspeig"]
[Date "2024.03.28"]
[Round "2.4"]
[White "Piorun, Kacper"]
[Black "Sandu, Mihaela"]
[Result "1-0"]
[ECO "A13"]
[WhiteElo "2599"]
[BlackElo "2270"]
[Annotator "TA"]
[PlyCount "91"]
[EventDate "2024.03.27"]
[EventType "swiss"]
[EventCountry "ESP"]
[SourceTitle "playchess.com"]
[Source "ChessBase"]
[SourceQuality "1"]
[TimeControl "5400+30"]

1. Nf3 Nf6 2. c4 e6 3. e3 d5 4. b3 c5 5. Bb2 Nc6 6. cxd5 exd5 7. Bb5 Bd6 8. O-O O-O 9. d4 Bg4 10. dxc5 Bxc5 {[%emt 0:00:22] White has an edge.} 11. Bxc6 bxc6 12. Nc3 Bd6 13. Ne2 Re8 14. Rc1 Rc8 15. Ng3 Ne4 16. Qd4 f6 {[%emt 0:02:00] ...Bxf3 is the strong threat.} 17. Qd3 (17. Rxc6 $5 Bxg3 (17... Rxc6 18. Qxd5+ Re6 19. Qxc6 $11) 18. Rxc8 Bxf2+ 19. Rxf2 Qxc8 20. Qxd5+ Kh8 21. Rf1 Bxf3 22. gxf3 $11 (22. Rxf3 Qc2 $11)) 17... Qd7 18. Nd4 Kh8 (18... Nxg3 $1 $15 19. hxg3 c5) 19. Nde2 $11 a5 20. Qa6 $2 (20. Nxe4 $14 {keeps the upper hand.} Bxe2 21. Qxe2 Rxe4 22. Rc2) 20... Nc5 $1 $17 21. Qxa5 Nd3 22. Rb1 Bb4 {[%emt 0:00:53] A strong pair of Bishops.} ({Black should try} 22... Nb4 $1 $17 {aiming for ...Ra8.} 23. a3 Ra8) 23. Qb6 $1 $15 Bc5 {[%emt 0:01:26][%mdl 1024] Black has compensation.} 24. Qa6 (24. Qa5 $1 $11) 24... Nb4 $1 $17 25. Qa5 Bd6 26. a3 {[%emt 0:06:18] [#]} Ra8 $1 27. Qb6 {[%emt 0:00:05] [#]} Nd3 (27... Nc2 $1 $17 28. Nd4 c5) 28. Qd4 $1 $11 Nxb2 29. Qxb2 Rxa3 30. Qc2 Rea8 31. Nd4 c5 32. Ndf5 Be5 (32... Ra2 $5 33. Qd3 $8 Bc7 $11) 33. h3 Bxf5 (33... Ra2 $5 34. Qd3 $8 Bxf5 35. Nxf5 R2a3 $11) 34. Nxf5 c4 35. Nd4 $1 Bxd4 36. exd4 Ra2 37. Qc3 cxb3 38. Rxb3 Qf5 39. Qg3 {[%emt 0:01:51] And now Rb8+ would win.} h6 40. h4 Ra1 41. Rxa1 Rxa1+ 42. Kh2 {[%emt 0:00:02] Strongly threatening Rb7.} Kh7 43. Rb7 Qg6 44. Rd7 Rd1 45. Qf4 Qb1 $2 (45... Re1 $11 {and Black has nothing to worry.}) 46. Qxf6 {[%emt 0:00:47] White used his chance.   Weighted Error Value: White=0.16 (very precise) /Black=0.23 (precise) .  Loses game:     	---       	Black=1      Mistake:       	White=2     	Black=3      Inaccurate:     	White=3     	Black=2      OK:         	White=14    	Black=9      Best:        	White=3     	---        Strong:       	White=3     	Black=2} ({And not} 46. Rxd5 Rh1+ 47. Kg3 Qb3+ 48. Qf3 Qxf3+ 49. Kxf3 Rxh4 $11) 1-0

[Event "VIII Open Semana Santa 2024"]
[Site "San Vicente del Raspeig"]
[Date "2024.03.28"]
[Round "2.5"]
[White "Toncheva, Nadya"]
[Black "Kourkoulos-Arditis, Stamatis"]
[Result "0-1"]
[ECO "C79"]
[WhiteElo "2257"]
[BlackElo "2556"]
[Annotator "TA"]
[PlyCount "102"]
[EventDate "2024.03.27"]
[EventType "swiss"]
[EventCountry "ESP"]
[SourceTitle "playchess.com"]
[Source "ChessBase"]
[SourceQuality "1"]
[TimeControl "5400+30"]

1. e4 e5 2. Nf3 Nc6 3. Bb5 a6 4. Ba4 Nf6 5. O-O d6 6. Re1 Bd7 {[%emt 0:00:18] C79: Spanische Partie (Russische Variante).} 7. c4 Bg4 8. Nc3 $146 ({Predecessor:} 8. h3 Bxf3 9. Qxf3 Nd7 10. Nc3 Nd4 11. Qd1 Be7 12. Bxd7+ Qxd7 13. d3 c6 14. Be3 {1-0 Romanov,E (2561)-Kobo,O (2541) Groningen op 59th 2023 (5)}) 8... Nd7 9. Bxc6 bxc6 10. d3 Be7 11. Be3 O-O 12. h3 Be6 13. Qd2 h6 14. Qe2 c5 15. Nd5 f5 16. Nxe7+ (16. exf5 $11 {ist überlegen.} Bxd5 17. cxd5) 16... Qxe7 $15 17. exf5 Bxf5 18. Nd2 Qf7 19. Ne4 $1 Qg6 20. Qf3 Rab8 (20... Bxe4 {vereinfacht} 21. Qxe4 Qxe4 22. dxe4 a5) 21. b3 Rf7 22. Rad1 Rbf8 23. Kh2 Kh8 24. Qg3 Qh5 25. f3 Be6 26. Rf1 Nb8 27. Bd2 Nc6 28. Bc3 Ne7 29. Qe1 Rf4 30. Ng3 Qg6 31. Ba5 Rh4 32. Bxc7 $2 {[%emt 0:05:57] [#]} (32. Ne2 $11 Qg5 (32... Nf5 33. Bd2 $11) 33. Bd2) 32... Bxh3 $1 $19 33. gxh3 {[%emt 0:00:05] [#]} Qe6 $1 34. Rd2 (34. Kg1 Rxh3 35. Rd2 Ng6) 34... Ng6 (34... Qxh3+ 35. Kg1 Rf6 (35... Nf5 36. Rg2 $16) 36. Rg2 $11) 35. Kg1 Nf4 ({Minderwertig wäre} 35... Qxh3 36. Bxd6 Rf6 37. Bxc5 $16 (37. Bxe5 Re6 $14)) (35... Qd7 36. Ne4 Rxh3 (36... Qxc7 37. Rg2 $14) 37. Bxd6 Rfxf3 38. Rxf3 (38. Nxc5 $2 Rhg3+ $19) (38. Bxc5 $2 Nh4 $19) 38... Rxf3 39. Rg2 $11 (39. Nxc5 $2 Qxd6 40. Ne4 Qd4+ 41. Nf2 Rf4 $19) (39. Bxc5 Nf4 $11)) 36. Rh2 (36. Nf5 $142 Rxh3 37. Nh4) 36... Rxh3 $19 37. Rxh3 Qxh3 38. Qf2 Qd7 ({Lieber nicht} 38... Nxd3 39. Qh2 Qd7 40. Qd2 $16) 39. Qe3 Qxc7 40. Ne2 Qd7 41. Nxf4 Rxf4 ({Nicht} 41... exf4 42. Qe4 $17) 42. Kf2 Rh4 43. Rg1 Qf5 44. a3 a5 45. Rg2 Rh1 $2 (45... Kh7 $19 {...Rd4 ist eine echte Drohung.} 46. Ke2 Qf6) 46. Qd2 $2 (46. Qe4 $17 {nur so!} Qxe4 47. dxe4) 46... Kh7 $19 47. Ke2 (47. Qe2 $142) 47... Qh3 $19 48. Rf2 Ra1 49. Qxa5 Qh1 50. Ke3 (50. Qd2 $142) 50... Qg1 $19 51. f4 exf4+ 0-1

[Event "VIII Open Semana Santa 2024"]
[Site "San Vicente del Raspeig"]
[Date "2024.03.28"]
[Round "2.6"]
[White "Adhiban, B.."]
[Black "Povshednyi, Ivan"]
[Result "1-0"]
[ECO "B67"]
[WhiteElo "2541"]
[BlackElo "2250"]
[Annotator "TA"]
[PlyCount "57"]
[EventDate "2024.03.27"]
[EventType "swiss"]
[EventCountry "ESP"]
[SourceTitle "playchess.com"]
[Source "ChessBase"]
[SourceQuality "1"]
[TimeControl "5400+30"]

1. e4 c5 2. Nf3 Nc6 3. d4 cxd4 4. Nxd4 Nf6 5. Nc3 d6 6. Bg5 e6 7. Qd2 a6 8. O-O-O Bd7 9. Nxc6 Bxc6 10. f3 Be7 11. Kb1 Qc7 12. h4 {[%emt 0:25:27] White is slightly better.} h5 13. Ne2 b5 14. Nd4 Bd7 15. Bd3 Qb6 16. Be3 {[%emt 0:05:20][%cal Od4e6] Nxe6! would now be deadly.} Qb7 17. Rhe1 b4 18. Bg5 Qb6 19. Bc4 Qc7 20. Bd3 (20. Qxb4 $2 d5 21. Qd2 dxc4 $19 (21... Qxc4 $2 22. e5 $17)) (20. Bf1 $14) 20... a5 21. f4 Qb6 (21... Qc5 $11 {remains equal.} 22. Nb3 Qa7) 22. Nf3 {[%emt 0:00:15][%cal Bd4f3,Bf3g5,Bg5f7][%mdl 32] And now e5 would win. White is more active.} Ng4 23. Bxe7 Kxe7 24. e5 Rh6 25. exd6+ (25. f5 $16 {Threatens to win with exd6+.} Nxe5 26. Nxe5 dxe5 27. Rxe5) 25... Qxd6 $18 26. f5 {[%emt 0:00:04] Hoping for Qg5+.} Kf8 {[%emt 0:00:41] [#]} 27. Ng5 $1 {[%emt 0:00:32] Black must now prevent Qe2.} Re8 (27... exf5 $2 {perishes.} 28. Nxf7 Kxf7 29. Bc4+ Kf8 30. Qxd6+ Rxd6 31. Rxd6 $18) 28. f6 Nxf6 {[%emt 0:01:06] [#]} (28... Qd5) 29. Nxf7 $1 {[%emt 0:00:08][%mdl 512] Weighted Error Value: White=0.05 (flawless) /Black=0.42.  Mistake:       	White=2     	Black=2      Inaccurate:     	---       	Black=2      OK:         	White=11    	Black=7      Best:        	White=2     	---        Brilliant:      	White=1     	---} 1-0

[Event "VIII Open Semana Santa 2024"]
[Site "San Vicente del Raspeig"]
[Date "2024.03.28"]
[Round "2.7"]
[White "Palozza, Christian"]
[Black "Makhnev, Denis"]
[Result "0-1"]
[ECO "A40"]
[WhiteElo "2251"]
[BlackElo "2516"]
[Annotator "TA"]
[PlyCount "86"]
[EventDate "2024.03.27"]
[EventType "swiss"]
[EventCountry "ESP"]
[SourceTitle "playchess.com"]
[Source "ChessBase"]
[SourceQuality "1"]
[TimeControl "5400+30"]

1. d4 g6 2. c4 Bg7 3. g3 c5 4. dxc5 Qc7 5. Bg2 Qxc5 6. Qa4 Nc6 7. Nc3 Bxc3+ 8. bxc3 {[%emt 0:00:53] The position is equal.} Nf6 9. Qb5 Qxb5 10. cxb5 Na5 11. Ba3 d6 12. Bb4 Nc4 13. a4 a6 14. bxa6 Rxa6 15. Nf3 Be6 16. Nd2 Nxd2 17. Kxd2 Bd5 18. f3 Bc6 19. a5 g5 20. Ke3 h5 21. Kf2 h4 22. Rhe1 g4 23. gxh4 {[%emt 0:13:08] White is weak on the light squares} (23. Rad1 $11) 23... Rxh4 $15 {[%emt 0:03:31] White is now going downhill.} 24. Kg3 Rh6 {[%emt 0:00:29] Black is more active.} 25. fxg4 (25. Rad1 $15) 25... Bxg2 $17 26. Kxg2 Nxg4 27. e4 Kd7 (27... Rxh2+ $2 {is the wrong capture.} 28. Kg3 $18) ({But not} 27... Nxh2 28. Rh1 Ng4 29. Rxh6 Nxh6 30. Kf3) 28. h3 Ne5 29. Rad1 Ra8 {[%emt 0:00:20] [#] Hoping for ...Rg8+.} 30. Re3 Rh4 31. Rd4 Rah8 32. Ba3 (32. Bc5 $142) 32... Ng6 ({Better is} 32... f5 $19 {...f4 is the strong threat.} 33. exf5 Nc4 34. Rxc4 Rxc4) 33. e5 {[%emt 0:02:59] [#]} (33. Rb4 $17) 33... Nxe5 $1 $19 34. Rxh4 (34. Bc1 f6) 34... Rxh4 {[%emt 0:00:05][%mdl 4096] Endgame. KRB-KRN} 35. Bb4 $2 (35. Re2) 35... f5 36. Kg3 (36. Re1 $142) 36... Ng6 {[%emt 0:00:28] Threatens to win with ...f4+.} 37. Re1 f4+ 38. Kg2 {[%emt 0:00:10] Black is clearly winning.} Ne5 39. Rd1 Ke6 40. Rb1 Nc4 41. Re1+ Ne3+ 42. Kf3 Kf5 (42... Rxh3+ 43. Kxf4 Kd5 44. Kg5 $19) 43. Rh1 Nc4 {[%emt 0:00:06] Weighted Error Value: White=0.37/Black=0.22 (precise) .  Mistake:       	White=6     	Black=1      Inaccurate:     	White=4     	Black=3      OK:         	White=11    	Black=13     Best:        	White=1     	Black=2      Brilliant:      	---       	Black=1} 0-1

[Event "VIII Open Semana Santa 2024"]
[Site "San Vicente del Raspeig"]
[Date "2024.03.28"]
[Round "2.8"]
[White "Basso, Pier Luigi"]
[Black "Lever, Erwan"]
[Result "1-0"]
[ECO "B41"]
[WhiteElo "2503"]
[BlackElo "2245"]
[Annotator "TA"]
[PlyCount "49"]
[EventDate "2024.03.27"]
[EventType "swiss"]
[EventCountry "ESP"]
[SourceTitle "playchess.com"]
[Source "ChessBase"]
[SourceQuality "1"]
[TimeControl "5400+30"]

1. e4 c5 2. Nf3 e6 3. d4 cxd4 4. Nxd4 a6 5. c4 Nf6 6. Nc3 Qc7 7. a3 b6 8. Bd3 Bd6 9. h3 Nc6 10. Nxc6 dxc6 {[%emt 0:00:18][%cal Bd7c6,Bc6c5][%mdl 32] The position is equal.} 11. Be3 c5 12. O-O Be5 13. Ne2 Bb7 (13... Bxb2 $2 14. Rb1 Be5 (14... Bxa3 $2 15. Qa4+ b5 16. cxb5 $18) 15. f4 $18) 14. f4 Bd4 15. Nxd4 cxd4 16. Bxd4 {[%emt 0:00:05] Black must now prevent Qa4+.} Rd8 17. Bxf6 gxf6 18. Qe2 Rg8 19. Rad1 f5 20. b4 (20. exf5 $2 Rxg2+ 21. Qxg2 Bxg2 22. Kxg2 b5 $19) 20... Rd4 21. Qf2 (21. exf5 $2 {too greedy.} Bxg2 (21... Rxf4 $2 22. Rxf4 Rxg2+ 23. Qxg2 $19) (21... Rxg2+ $2 22. Qxg2 Bxg2 23. Kxg2 $19) 22. Qxg2 Rxg2+ 23. Kxg2 Qc6+ (23... Rxf4 $2 24. fxe6 fxe6 25. Rxf4 $19) 24. Kg1 exf5 25. Rde1+ Kf8 $19) 21... Bxe4 22. Bxe4 ({Much worse is} 22. Qxd4 Rxg2+ 23. Kh1 Rd2+ 24. Kg1 Rg2+ 25. Kh1 Rd2+ 26. Kg1 Rg2+ $11) 22... Rxe4 23. c5 Qb7 {[%emt 0:12:14][%mdl 8192] [#]} (23... bxc5 $16 24. bxc5 Rg6) 24. Rd2 $1 $18 {[%emt 0:04:25] Threatens to win with Rfd1.} ({Weaker is} 24. cxb6 Rxf4 25. Qc2 Qxb6+ 26. Kh1 Rxf1+ 27. Rxf1 Rg3 28. Qc8+ Ke7 $15) 24... bxc5 25. Qxc5 {[%emt 0:03:53] Weighted Error Value: White=0.10 (very precise) /Black=0.52.  Loses game:     	---       	Black=1      Inaccurate:     	White=4     	Black=3      OK:         	White=8     	Black=4      Best:        	White=1     	---        Strong:       	White=1     	---} 1-0

[Event "VIII Open Semana Santa 2024"]
[Site "San Vicente del Raspeig"]
[Date "2024.03.28"]
[Round "2.9"]
[White "Real, Thibault"]
[Black "Diaz Camallonga, Carles"]
[Result "0-1"]
[ECO "C02"]
[WhiteElo "2242"]
[BlackElo "2491"]
[Annotator "TA"]
[PlyCount "178"]
[EventDate "2024.03.27"]
[EventType "swiss"]
[EventCountry "ESP"]
[SourceTitle "playchess.com"]
[Source "ChessBase"]
[SourceQuality "1"]
[TimeControl "5400+30"]

1. e4 e6 2. d4 d5 3. e5 c5 4. c3 Nc6 5. Nf3 Bd7 6. Be2 Nge7 7. Na3 cxd4 8. cxd4 Nf5 9. Nc2 Be7 10. O-O O-O 11. Bd3 f6 12. Bf4 {[%emt 0:00:22] The position is equal.} g5 13. exf6 gxf4 14. fxe7 Qxe7 15. Re1 (15. b4 $14) 15... Nh4 16. Bb5 Rf5 17. b4 Raf8 18. a4 Kh8 {[%emt 0:05:07] Hoping for ...Rg8.} 19. Bf1 (19. Bxc6 $11 Bxc6 20. Nxh4 Qxh4 21. Re5) 19... Rg8 $1 $15 {[%emt 0:05:31][%cal Oh4g2] White must now prevent ...Nxg2! Black has more active pieces.} (19... Nxb4 $2 20. Nxh4 Qxh4 21. Nxb4 $18) 20. b5 Nd8 ({Black should try} 20... Nxg2 $1 $15 21. Bxg2 Qg7) 21. Re5 Rff8 22. Nce1 Nf7 23. Rh5 Nxf3+ 24. Nxf3 Be8 25. Qe1 $40 {[%emt 0:04:54][%mdl 128] Rxd5 is the strong threat. Black needs to defend precisely.} Qf6 26. Rc1 h6 (26... Rg7 $14) 27. Ne5 Ng5 28. Rh4 (28. Ng4 Nf3+ (28... Qxd4 $2 29. Rxh6+ Kg7 30. Rd1 $18) 29. Kh1 Rxg4 $17 (29... Nxe1 30. Nxf6 Bxh5 31. Nxg8 $15)) 28... Ne4 (28... Rg7 $16 29. Rc8 Kg8) 29. Rh3 (29. f3 $18 Nd6 30. Nd3) 29... Rg7 $16 30. f3 (30. Rc8 {with more complications.} h5 31. Ra8 Qf5 32. Rb3) 30... Ng5 31. Rh4 Kg8 (31... Qxe5 $16 {keeps fighting.} 32. Rxh6+ (32. Qxe5 Nxf3+ 33. Kf2 Nxe5 $16) 32... Kg8 33. Qxe5 Nxf3+ 34. Kf2 Nxe5 35. dxe5 Bg6) 32. Kh1 h5 {[%emt 0:00:05] Prevents Ng4.} 33. Qb4 $2 (33. Qf2 $18) 33... Ne4 $11 34. Qe1 {[%emt 0:00:04] Wards off Nf2+} Nd6 {[%emt 0:00:42] [#]} (34... Ng5 $1 $11) 35. Nd3 $1 $16 Qh6 36. Ne5 {[%emt 0:01:34] Dodges Nc4} (36. Rc5 $16) 36... Nf5 $11 37. Rh3 (37. Rc8 {looks sharper.} Qg5 38. Rh3 a6 39. bxa6 bxa6 40. Qb1) 37... Qf6 (37... Nxd4 $11 38. Qc3 Nf5) 38. Qb4 (38. Qd2 $14) 38... Qe7 39. Qxe7 (39. Qb2 {is more complex.} Qg5 40. Re1 Ne3 41. Qf2) 39... Rxe7 40. Bd3 {[%emt 0:00:23] Black should prevent Bxf5.} Nxd4 41. Bg6 Kg7 (41... Bxg6 $2 42. Nxg6 Rd7 43. Nxf8 Kxf8 44. Rc8+ (44. Rxh5 Nf5 $18) 44... Kg7 45. Rxh5 $18) 42. Bxe8 (42. Bxh5 $2 Rf5 43. Bxe8 Rxe5 $19) 42... Rfxe8 (42... Rf5 43. Rxh5 (43. Bxh5 Rxe5 44. Rh4 b6 $17) 43... Rxe8 44. Rc7+ Kg8 45. Nd7 (45. Rxf5 exf5 46. Rxb7 Rxe5 $19)) 43. Rxh5 Nf5 {[%emt 0:00:04] Against Rh4} (43... Kf6 $11 {keeps the balance.}) 44. Nd3 $16 Ne3 45. Nxf4 e5 $1 46. Nd3 Kg6 {[%emt 0:00:07] Against h4} 47. g4 e4 $1 48. Nf4+ Kg7 $1 49. fxe4 dxe4 (49... Rxe4 $11 {and Black has nothing to worry.} 50. Rc7+ (50. Nxd5 Nxd5 51. Rxd5 Rxg4 $14) 50... Kf6 51. g5+ (51. Nxd5+ Nxd5 52. Rxd5 Re1+ 53. Kg2 R1e2+ 54. Kg1 Re1+ 55. Kg2 R1e2+ 56. Kg1 Re1+ 57. Kg2 $11) 51... Ke5) 50. Rcc5 (50. Rh3 $142) 50... Kg8 $18 51. h3 Rg7 (51... Rf7 {was necessary.}) 52. Rhe5 Rge7 53. Rg5+ Rg7 54. Rge5 (54. Rxg7+ $142 Kxg7 55. Rc3) 54... Rge7 55. Rg5+ (55. Rxe7 Rxe7 56. Kh2) 55... Rg7 $1 56. Rxg7+ Kxg7 {[%emt 0:00:05][%mdl 4096] Endgame. KRN-KRN} 57. Kg1 b6 58. Rc7+ Kf6 59. Kf2 (59. Rxa7 Rc8 60. Kf2 Rc3) 59... Nd1+ 60. Ke2 Nb2 (60... Kg5 61. Ng2 (61. Kxd1 Kxf4 62. Rxa7 Rh8 $18) (61. Rxa7 Nc3+ 62. Ke3 Nd1+ 63. Ke2 Nc3+ 64. Ke3 Nd1+ 65. Ke2 $11) 61... Rd8) 61. h4 Nxa4 62. g5+ Ke5 63. Ke3 ({Inferior is} 63. Rxa7 Nc3+ 64. Ke3 (64. Kd2 Kxf4 65. Kxc3 e3 $11) 64... Nd1+ 65. Ke2 Nc3+ 66. Ke3 (66. Kd2 Kxf4 67. Kxc3 e3 $11) 66... Nd1+ 67. Ke2 Nc3+ $11) 63... Nb2 64. Ng6+ $2 (64. Rxa7 $2 {perishes.} Nc4+ 65. Ke2 Kxf4 $19) (64. g6) 64... Kf5 65. Ne7+ Ke6 66. Nc6 Nc4+ 67. Kd4 $2 (67. Kxe4 Kd6+ 68. Kd4 Kxc7 $19) (67. Ke2 $18) 67... Nd6 $11 68. Nxa7 Ra8 69. Ke3 Rh8 70. Nc6 {[%emt 0:00:26] Strongly threatening Nd4+.} Rxh4 71. g6 Rg4 72. g7 Nf5+ 73. Kf2 Kd6 74. Rf7 {[%emt 0:00:27] aiming for Rf6+.} Nxg7 75. Ke3 Kc5 76. Ne5 Rg1 77. Rc7+ $2 {[%emt 0:00:29][%mdl 8192] [#]} (77. Nd7+ $11 Kxb5 78. Rf6) 77... Kxb5 $2 ({Black should play} 77... Kd6 $1 $19 78. Kf2 Kxc7 79. Kxg1 Kd6 80. Nf7+ Ke6 81. Ng5+ Kd5) 78. Kxe4 $15 Re1+ 79. Kd5 Rd1+ 80. Ke4 Ne6 81. Re7 Nc5+ 82. Ke3 Rd5 83. Nf3 Kc4 84. Ke2 b5 85. Re5 Rd8 86. Nd2+ Kb4 87. Re3 Ka4 88. Rc3 $2 {[%emt 0:00:34][%mdl 8192] [#]} (88. Rh3 $15) 88... Rxd2+ $1 89. Kxd2 (89. Kf1 Nd3) 89... Ne4+ {[%emt 0:00:03] Both players deserved the win here.   Weighted Error Value: White=0.41/Black=0.36.  Loses game:     	White=2     	Black=1      Missed win:     	White=2     	Black=1      Mistake:       	White=8     	Black=9      Inaccurate:     	White=5     	Black=6      OK:         	White=32    	Black=24     Best:        	White=4     	Black=6      Strong:       	White=1     	Black=5      Brilliant:      	---       	Black=1} 0-1